Map: [ESL] Dragon Scales

Players

Harstem

  • Race: Protoss Protoss
  • League: Master
  • Spawn Location: 5:00

Lambo - Winner!

  • Race: Zerg Zerg
  • League: Master
  • Spawn Location: 11:00

Event: HomeStory Cup XXIII

VOD

Have the link to the VOD?

Description

Time

  • Played on: June 30, 2023, 6:23 a.m.
  • Length: 6:49

All games in this series

Show
View Real Time Build Order
Export as new Build Order

Harstem Protoss 

Build Orders: 1 Gate Expand, Oracle Opening, Mass Phoenix 

Get SALT Encoding   

  12  0:00  Probe  
  13  0:12  Probe  
  14  0:19  Pylon  
  14  0:24  Probe  
  15  0:30  Assimilator  
  15  0:37  Probe (Chrono Boost)  
  16  0:46  Probe (Chrono Boost), Gateway  
  17  0:51  Probe (Chrono Boost)  
  18  1:03  Probe  
  19  1:15  Probe  
  20  1:23  Nexus  
  20  1:33  Cybernetics Core  
  20  1:35  Probe  
  21  1:40  Assimilator  
  21  1:47  Probe  
  21  1:51  Pylon  
  22  1:59  Probe  
  23  2:07  Adept (Chrono Boost)  
  23  2:10  Warp Gate  
  23  2:11  Probe  
  26  2:23  Probe  
  26  2:24  Stargate  
  27  2:32  Stalker  
  27  2:35  Probe  
  27  2:36  Probe  
  31  2:48  Probe x2  
  33  3:00  Probe  
  33  3:05  Nexus  
  34  3:07  Oracle (Chrono Boost)  
  34  3:12  Probe  
  38  3:13  Probe  
  38  3:18  Assimilator  
  39  3:23  Gateway  
  39  3:25  Probe  
  40  3:27  Probe  
  40  3:33  Pylon  
  41  3:37  Probe  
  41  3:39  Probe  
  43  3:49  Probe  
  43  3:51  Probe  
  44  4:00  Adept  
  44  4:01  Probe (Chrono Boost)  
  44  4:02  Assimilator  
  47  4:03  Stargate  
  47  4:04  Pylon  
  47  4:07  Probe (Chrono Boost)  
  48  4:10  Pylon  
  48  4:13  Probe (Chrono Boost)  
  48  4:16  Phoenix  
  52  4:17  Probe (Chrono Boost)  
  52  4:22  Probe (Chrono Boost)  
  52  4:23  Adept  
  57  4:24  Probe x2 (Chrono Boost)  
  57  4:28  Probe (Chrono Boost)  
  58  4:32  Probe x2  
  60  4:40  Probe  
  60  4:42  Phoenix (Chrono Boost)  
  60  4:44  Probe  
  60  4:45  Pylon  
  64  4:46  Phoenix (Chrono Boost)  
  64  4:49  Probe  
  64  4:52  Probe  
  68  4:56  Probe  
  69  5:00  Pylon  
  69  5:02  Phoenix (Chrono Boost)  
  69  5:04  Probe, Phoenix (Chrono Boost)  
  74  5:08  Probe  
  74  5:09  Probe  
  76  5:16  Probe  
  76  5:21  Probe  
  78  5:23  Probe, Pylon  
  78  5:24  Phoenix (Chrono Boost)  
  78  5:27  Phoenix (Chrono Boost)  
  81  5:28  Probe  
  81  5:33  Forge  
  81  5:34  Twilight Council  
  84  5:36  Probe x2  
  84  5:43  Probe  
  84  5:44  Shield Battery  
  84  5:47  Phoenix  
  88  5:51  Assimilator  
  88  5:52  Probe  
  88  5:54  Assimilator  
  88  5:55  Probe  
  89  5:57  Robotics Facility  
  89  5:58  Probe  
  89  6:02  Sentry  
  89  6:03  Zealot  
  94  6:04  Probe  
  90  6:11  Probe  
  90  6:13  Phoenix  
  90  6:14  Phoenix  
  95  6:23  Probe  
  95  6:24  Sentry  
  98  6:27  Adept, Shield Battery  
  98  6:34  Probe  
  98  6:36  Probe  
Show
View Real Time Build Order
Export as new Build Order

Lambo Zerg - Winner!

Build Orders: Hatch First 

Get SALT Encoding   

  12  0:00  Drone  
  13  0:12  Overlord  
  13  0:17  Drone  
  14  0:30  Drone x2  
  16  0:48  Hatchery  
  15  0:51  Drone  
  15  0:54  Drone  
  17  0:58  Drone  
  18  1:08  Extractor  
  17  1:13  Spawning Pool  
  17  1:16  Drone  
  17  1:19  Drone  
  18  1:28  Drone  
  20  1:40  Drone  
  20  1:50  Drone  
  21  2:00  Queen x2, Zergling x2  
  21  2:01  Overlord  
  26  2:08  Metabolic Boost  
  26  2:11  Drone x2  
  28  2:23  Drone x2  
  30  2:32  Hatchery  
  30  2:34  Drone  
  30  2:39  Drone  
  30  2:43  Drone  
  30  2:44  Overlord  
  32  2:50  Queen  
  34  2:57  Drone  
  35  2:59  Zergling x2  
  35  3:01  Queen  
  35  3:05  Zergling x2  
  39  3:06  Overlord  
  39  3:13  Drone x3  
  39  3:16  Drone  
  43  3:25  Overlord  
  44  3:27  Queen, Drone  
  46  3:34  Drone  
  46  3:38  Drone  
  48  3:41  Spore Crawler  
  48  3:42  Queen  
  48  3:45  Drone x4  
  53  3:49  Drone x2  
  53  3:52  Queen  
  53  3:55  Drone  
  56  3:57  Evolution Chamber  
  56  4:01  Zergling x2  
  56  4:02  Drone x2  
  58  4:05  Drone  
  59  4:10  Overlord  
  59  4:11  Drone x2  
  59  4:13  Drone  
  62  4:17  Overlord  
  62  4:20  Drone x3  
  62  4:23  Zerg Melee Weapons Level 1  
  65  4:25  Drone  
  65  4:29  Drone x2  
  68  4:32  Extractor  
  68  4:34  Baneling Nest  
  68  4:35  Drone x2  
  68  4:37  Drone x3  
  71  4:41  Drone x3  
  71  4:44  Zergling x2  
  75  4:48  Zergling x2  
  76  4:53  Drone x4  
  76  4:59  Spore Crawler  
  79  5:01  Hatchery  
  79  5:02  Overlord  
  79  5:04  Zergling x4  
  79  5:05  Lair  
  80  5:08  Zergling x4  
  80  5:11  Overlord  
  82  5:16  Overlord  
  82  5:19  Extractor  
  81  5:24  Zergling x18  
  90  5:31  Zergling x2  
  91  5:36  Zergling x14  
  91  5:41  Zergling x2  
  98  5:44  Zergling x4  
  98  5:46  Baneling x5  
  99  5:55  Zergling x10  
  104  6:00  Zergling x2  
  104  6:01  Hatchery  
  104  6:04  Overlord  
  101  6:11  Baneling x8  
  101  6:12  Queen, Overlord  
  101  6:14  Overlord  
  101  6:16  Overlord  
  101  6:20  Zergling x6  
  101  6:24  Zergling x8  
  101  6:26  Zergling x4  
  101  6:28  Baneling x5  
Tags
 
Add a new tag
Caveats
  • Supply blocks, unpowered buildings, or Contaminate may cause inaccurate times.
  • Supply counts are checked every 10 seconds.